 Dungeon Crawl Stone Soup version 0.27.1-34-g3ba077fa99 (webtiles) character file.

Game seed: 13788776311241699730

38 unlimited1921 the Skirmisher (level 3, -2/40 HPs)
             Began as an Ogre Berserker on Jan 3, 2022.
             Was a Follower of Trog.
             Succumbed to a kobold's poison
             ... on level 2 of the Dungeon.
             The game lasted 00:04:17 (1487 turns).

unlimited1921 the Skirmisher (Ogre Berserker)       Turns: 1487, Time: 00:04:18

Health: -2/40      AC:  3    Str: 22    XL:     3   Next: 43%
Magic:  3/3        EV: 10    Int:  8    God:    Trog [*.....]
Gold:   95         SH:  0    Dex:  8    Spells: 2/2 levels left

rFire    . . .     SeeInvis .   a - +0 hand axe
rCold    . . .     Faith    .   (no shield)
rNeg     . . .     Spirit   .   b - +0 animal skin
rPois    .         Reflect  .   (helmet restricted)
rElec    .         Harm     .   (no cloak)
rCorr    .         Rampage  .   (gloves unavailable)
Will     .....                  (boots unavailable)
Stlth    +.........             (no amulet)
HPRegen  0.13/turn              (no ring)
MPRegen  0.08/turn              (no ring)

@: lethally poisoned (-2 -> -17)
A: large, unfitting armour, tough skin 1
a: Renounce Religion, Berserk


You were on level 2 of the Dungeon.
You worshipped Trog.
Trog was aware of your devotion.
You visited 1 branch of the dungeon, and saw 2 of its levels.

You collected 95 gold pieces.

Inventory:

Hand Weapons
 a - a +0 hand axe (weapon)
 e - a +0 dagger
Missiles
 h - 10 bolts
Armour
 b - a +0 animal skin (worn)
 j - a scarf of invisibility
Scrolls
 d - a scroll of fog
 f - 2 scrolls of enchant armour {unknown}
 i - 2 scrolls of identify
Potions
 c - 2 potions of haste {unknown}
 g - a potion of degeneration {unknown}


   Skills:
 + Level 4.6 Fighting
 + Level 3.5 Axes
 + Level 3.2 Dodging


You had 2 spell levels left.
You didn't know any spells.
Your spell library was empty.

Dungeon Overview and Level Annotations

Branches:
Dungeon (2/15)

Altars:


Innate Abilities, Weirdness & Mutations

You are too large for most types of armour.
You have tough skin. (AC +1)


Message History

You barely miss the hobgoblin.
The hobgoblin is severely wounded.
You closely miss the kobold.
You feel sick. The kobold misses you. The hobgoblin hits you.
You barely miss the hobgoblin.
The hobgoblin is severely wounded.
You closely miss the kobold.
You feel sick. The kobold barely misses you. The hobgoblin hits you.
You are too injured to fight recklessly!
You are too injured to fight recklessly!
You are too injured to fight recklessly!
You are too injured to fight recklessly!
You are too injured to fight recklessly!
You are too injured to fight recklessly!
As you read the scroll labelled MOACRI LOFIDGH, it crumbles to dust.
It is a scroll of identify.
d - a scroll of fog You feel sick.
The kobold hits you with a +0 dagger.
The hobgoblin hits you but does no damage.
You feel sick.
You feel sick.
You feel sick.
You feel sick.
You are no longer poisoned.
The kobold throws a poisoned dart.
The poisoned dart hits you!
You are poisoned.
* * * LOW HITPOINT WARNING * * *
You feel very sick.
You feel sick.
The kobold throws a poisoned dart.
The poisoned dart hits you!
You are lethally poisoned!
* * * LOW HITPOINT WARNING * * *
You feel very sick. The hobgoblin barely misses you.
* * * LOW HITPOINT WARNING * * *
You feel very sick.
* * * LOW HITPOINT WARNING * * *
You feel very sick.
The kobold throws a poisoned dart.
The poisoned dart hits you.
You are more poisoned.
You die...

#.# #.......+ #####
#.# #####.......#
....#
#.####..........##
....#
#.#..........##.###
....#
#.#.##.##)........#
....# #.#
#.##....K....#
....######.#
#.##.........#
.........#.#
#.##.........+
.........#.#
#.@.g........#
.........#.#
#...#.).######
###......#.#
#...#...#
#......#.####.###...#
#.....†#....#.# #...#
#......####.#.# #...#
#......####)#.# #...#
##..........#.# #####
###############.#


You could see a hobgoblin and a kobold.

Vanquished Creatures
  An adder (D:2)
  A dart slug (D:1)
  4 bats (D:1)
  A goblin (D:1)
  3 hobgoblins
  6 jackals (D:1)
  4 kobolds
  A quokka (D:1)
  A ball python (D:1)
  A frilled lizard (D:2)
  A rat (D:1)
24 creatures vanquished.

Notes
Turn   | Place    | Note
-------+----------+-------------------------------------------
     0 | D:1      | unlimited1921 the Ogre Berserker began the quest for the
                  | Orb.
     0 | D:1      | Reached XP level 1. HP: 24/24 MP: 1/1
   324 | D:1      | Reached XP level 2. HP: 28/32 MP: 2/2
   467 | D:1      | Found a faded altar of an unknown god.
   890 | D:1      | Reached XP level 3. HP: 31/40 MP: 3/3
  1486 | D:2      | HP: 1/40 [poisoned by a kobold]
  1487 | D:2      | Succumbed to a kobold's poison

Illustrated notes

Levels and vault maps discovered:
D:1:      eino_arrival_cavern_d, layout_loops_ring,
          dreamdust_ecumenical_altar_hidden_monk_grotto
D:2:      layout_basic

Skill      XL: |  1  2 |
---------------+-------+-----
Dodging        | 3 |  3.2
Fighting       | |  4.6
Axes           | |  3.5

Action                   || total
-------------------------++-------
Melee: Hand axe          ||    88
Invok: Berserk           ||     1
  Use: Scroll            ||     1
Armor: Animal skin       ||    45
Dodge: Dodged            ||    76
